 Dungeon Crawl Stone Soup version 0.30-a0-390-g80c34de65d (webtiles) character file.

Game seed: 10036492115271661317

1846 bande the Chopper (level 9, -3/55 HPs)
             Began as a Gargoyle Fighter on Dec 4, 2022.
             Was a Believer of Okawaru.
             Slain by a two-headed ogre
             ... wielding a +0 giant spiked club
              (11 damage)
             ... on level 8 of the Dungeon.
             The game lasted 00:11:05 (6509 turns).

bande the Chopper (Gargoyle Fighter)                Turns: 6509, Time: 00:11:05

Health: -3/55      AC: 23    Str: 19    XL:     9   Next: 12%
Magic:  11/11      EV:  4    Int: 10    God:    Okawaru [**....]
Gold:   706        SH: 13    Dex: 13    Spells: 8/8 levels left

rFire   + + .      SeeInvis .    m - +6 hand axe "Lykloj" {holy, Will+}
rCold   . . .      Faith    .    t - +0 tower shield
rNeg    + . .      Spirit   .    q - +2 chain mail {rF+}
rPois   ∞          Reflect  .    c - +0 helmet
rElec   +          Harm     .    j - +1 cloak
rCorr   +          Rampage  .    (no gloves)
Will    +....                    r - +0 pair of boots
Stlth   ..........               (no amulet)
HPRegen 0.29/turn                u - ring of protection from fire
MPRegen 0.12/turn                z - ring of resist corrosion

@: no status effects
A: sickness immunity, AC +6, negative energy resistance 1, electricity
resistance, torment resistance 1, petrification resistance
a: Renounce Religion, Heroism


You were on level 8 of the Dungeon.
You worshipped Okawaru.
Okawaru was pleased with you.
You visited 2 branches of the dungeon, and saw 9 of its levels.

You collected 921 gold pieces.
You spent 215 gold pieces at shops.

Inventory:

Hand Weapons
 a - a +1 war axe of freezing
 b - a +1 flail of venom
 m - the +6 hand axe "Lykloj" (weapon) {holy, Will+}
   (You found it on level 2 of the Dungeon)

   It has been blessed by the Shining One to cause great damage to the undead
   and demons.
   Will:      It increases your willpower.
Missiles
 o - a throwing net (quivered)
Armour
 c - a +0 helmet (worn)
 j - a +1 cloak (worn)
 q - a +2 chain mail of fire resistance (worn)
 r - a +0 pair of boots (worn)
 t - a +0 tower shield (worn)
Jewellery
 u - a ring of protection from fire (left hand)
 z - a ring of resist corrosion (right hand)
Wands
 v - a wand of polymorph (14)
Scrolls
 d - 2 scrolls of fear
 e - 3 scrolls of enchant weapon
 n - 2 scrolls of brand weapon
 w - 3 scrolls of teleportation
 x - a scroll of poison {unknown}
 y - 2 scrolls of identify
 A - a scroll of butterflies {unknown}
Potions
 f - 2 potions of flight {unknown}
 g - 2 potions of haste
 h - 7 potions of curing
 i - 2 potions of heal wounds {unknown}
 k - a potion of cancellation {unknown}
 l - a potion of magic {unknown}
 p - a potion of berserk rage {unknown}
 s - 2 potions of brilliance
 C - 2 potions of ambrosia {unknown}


   Skills:
 + Level 5.7 Fighting
 + Level 7.2 Axes
 + Level 6.8 Armour
 + Level 5.2 Shields
 * Level 3.2 Invocations
 * Level 0.4 Evocations


You had 8 spell levels left.
You didn't know any spells.
Your spell library contained the following spells:

 Spells                   Type           Power      Damage    Failure   Level
 Foxfire                  Conj/Fire      0%         2x1d4     100%        1
 Kiss of Death            Conj/Necr      0%         2d5       100%        1
 Blink                    Tloc           0%         N/A       100%        2
 Momentum Strike          Conj/Tloc      0%         3d8       100%        2
 Confusing Touch          Hex            0%         N/A       100%        3
 Frozen Ramparts          Ice            0%         1d1       100%        3
 Gell's Gravitas          Tloc           0%         N/A       100%        3
 Hailstorm                Conj/Ice       0%         3d3       100%        3
 Lesser Beckoning         Tloc           0%         N/A       100%        3
 Portal Projectile        Hex/Tloc       0%         N/A       100%        3
 Teleport Other           Tloc           0%         N/A       100%        3
 Dispel Undead            Necr           0%         3d6       100%        4
 Ice Form                 Ice/Tmut       0%         N/A       100%        4
 Leda's Liquefaction      Hex/Erth       0%         N/A       100%        4
 Fireball                 Conj/Fire      0%         3d3       100%        5
 Starburst                Conj/Fire      0%         6d3       100%        6
 Call Canine Familiar     Summ           Unusable   N/A       N/A         3
 Summon Ice Beast         Ice/Summ       Unusable   N/A       N/A         4
 Simulacrum               Ice/Necr       Unusable   N/A       N/A         6

Dungeon Overview and Level Annotations

Branches:
Dungeon (8/15)             Temple (1/1) D:6
   Lair: D:8-11

Altars:
Ashenzari
Cheibriados
Dithmenos
Elyvilon
Fedhas
Gozag
Hepliaklqana
Kikubaaqudgha
Makhleb
Nemelex Xobeh
Okawaru
Qazlal
Ru
Sif Muna
Trog
Uskayaw
Vehumet
Wu Jian
Xom
Yredelemnul
Zin
The Shining One

Shops:
D:5 [

Annotations:
D:6 2 transporters, 1 runed translucent door, 2FriedEggs's ghost, novice DsRe


Innate Abilities, Weirdness & Mutations

You are immune to sickness and miasma.
Your stone body is resilient. (AC +6)
You are immune to poison.
You resist negative energy. (rN+)
You are resistant to electric shocks. (rElec)
You are resistant to unholy torment.
You are immune to petrification.


Message History

The two-headed ogre hits you but does no damage.
You hit the two-headed ogre.
The two-headed ogre is lightly wounded.
The two-headed ogre hits you with a +0 giant spiked club!
You block the two-headed ogre's attack.
You completely miss the two-headed ogre.
The two-headed ogre is lightly wounded.
You block the two-headed ogre's attack.
The two-headed ogre hits you with a +0 dire flail.
You slash the two-headed ogre!
The two-headed ogre is moderately wounded.
The two-headed ogre hits you with a +0 giant spiked club.
You block the two-headed ogre's attack.
You barely miss the two-headed ogre.
The two-headed ogre is moderately wounded.
You block the two-headed ogre's attack.
The two-headed ogre hits you with a +0 dire flail!
You completely miss the two-headed ogre.
The two-headed ogre is moderately wounded.
The two-headed ogre hits you but does no damage.
You block the two-headed ogre's attack.
You closely miss the two-headed ogre.
The two-headed ogre is moderately wounded.
You slash the two-headed ogre!
The two-headed ogre is moderately wounded.
You block the two-headed ogre's attack. x2
You barely miss the two-headed ogre.
The two-headed ogre is moderately wounded.
You block the two-headed ogre's attack.
The two-headed ogre hits you with a +0 dire flail!
You completely miss the two-headed ogre.
The two-headed ogre is moderately wounded.
You block the two-headed ogre's attack.
The two-headed ogre hits you with a +0 dire flail!
* * * LOW HITPOINT WARNING * * *
You hit the two-headed ogre but do no damage.
The two-headed ogre is moderately wounded.
You block the two-headed ogre's attack.
The two-headed ogre hits you with a +0 dire flail!
You die...

...........## ##.
............#
###........#........
...................#
...##.###.#........
#..##.##......#.###
#.?##.##...........
#.O##.##......####.
#.@##.##..#...# #.
#.........#...# #.
#.###.##..#...# #.
.##.###.##.<#...####.
............#........
#######.##.###..####.
#.##.####.## #.
#.##.......#
#)#######..#


You could see a two-headed ogre.

Vanquished Creatures
  Grinder (D:6)
  Sigmund (D:3)
  A steam dragon (D:7)
  An orc warrior (D:8)
  An ice beast (D:7)
  2 ogres (D:5)
  A centaur (D:8)
  A bullfrog (D:3)
  3 scorpions
  A gnoll bouda (D:7)
  A jelly (D:6)
  2 hounds
  3 orc priests
  Crazy Yiuf (D:3)
  5 iguanas
  An orc wizard (D:8)
  7 gnolls
  9 adders
  A shadow imp (D:6)
  2 white imps
  2 worms (D:2)
  3 dart slugs
  24 orcs
  5 ball pythons
  9 bats
  4 endoplasms
  2 giant cockroaches (D:4)
  3 goblins
  6 hobgoblins
  3 quokkas
  3 frilled lizards
  6 kobolds
  7 rats
122 creatures vanquished.

Notes
Turn   | Place    | Note
-------+----------+-------------------------------------------
     0 | D:1      | bande the Gargoyle Fighter began the quest for the Orb.
     0 | D:1      | Reached XP level 1. HP: 14/14 MP: 1/1
    58 | D:1      | Reached XP level 2. HP: 19/19 MP: 2/2
   160 | D:1      | Reached skill level 2 in Axes
   518 | D:1      | Reached XP level 3. HP: 19/24 MP: 3/3
   654 | D:2      | Identified the +2 leather armour "Doahuet" {Int+3 Dex+2}
  1082 | D:2      | Identified the +6 hand axe "Lykloj" {holy, Will+}
  1595 | D:3      | Noticed Sigmund
  1607 | D:3      | HP: 1/24 [something (11)]
  1610 | D:3      | Killed Sigmund
  1611 | D:3      | Reached skill level 4 in Axes
  1611 | D:3      | Reached XP level 4. HP: 2/29 MP: 4/4
  1611 | D:3      | Reached XP level 5. HP: 3/33 MP: 5/5
  1611 | D:3      | Reached XP level 6. HP: 3/38 MP: 6/6
  2132 | D:3      | Found a runed translucent door.
  2133 | D:3      | Noticed Crazy Yiuf
  2244 | D:3      | Found an opulent altar of Gozag.
  2387 | D:3      | Killed Crazy Yiuf
  2538 | D:4      | Identified a scroll of acquirement
  2538 | D:4      | Acquired 523 gold pieces
  2713 | D:4      | Found a radiant altar of Vehumet.
  2716 | D:4      | Found a snail-covered altar of Cheibriados.
  2729 | D:4      | Reached XP level 7. HP: 29/44 MP: 7/7
  2793 | D:4      | Found a glowing silver altar of Zin.
  2796 | D:4      | Found a sparkling altar of Nemelex Xobeh.
  2862 | D:4      | Reached skill level 5 in Armour
  2948 | D:4      | Found a hide-covered altar of Uskayaw.
  2985 | D:4      | Identified the +9 long sword "Lamm" {venom, +Blink rElec
                  | rC- Int+2}
  3052 | D:4      | Reached skill level 5 in Axes
  3451 | D:5      | Entered Level 5 of the Dungeon
  3451 | D:5      | Found Meulus's Armour Shop.
  3465 | D:5      | Bought a +2 chain mail of fire resistance for 215 gold
                  | pieces
  4003 | D:5      | Found a shadowy altar of Dithmenos.
  4430 | D:6      | Reached skill level 5 in Fighting
  4436 | D:6      | Reached skill level 6 in Axes
  4436 | D:6      | Reached XP level 8. HP: 24/49 MP: 8/8
  4528 | D:6      | Found a staircase to the Ecumenical Temple.
  4544 | Temple   | Entered the Ecumenical Temple
  4580 | Temple   | Became a worshipper of Warmaster Okawaru
  4695 | D:6      | Found a transporter.
  4700 | D:6      | Found a transporter.
  4702 | D:6      | Noticed 2FriedEggs's ghost (novice DsRe)
  4795 | D:6      | Found an ornate altar of the Wu Jian Council.
  4888 | D:6      | Reached skill level 1 in Invocations
  4907 | D:6      | Found a runed translucent door.
  4907 | D:6      | Noticed Grinder
  4910 | D:6      | Found a basalt altar of Yredelemnul.
  4917 | D:6      | Paralysed by Grinder for 3 turns
  4924 | D:6      | Killed Grinder
  4924 | D:6      | Reached * piety under Okawaru
  5335 | D:7      | Identified the +3 robe of Hubris {Will+}
  5502 | D:7      | Found a white marble altar of Elyvilon.
  5627 | D:7      | Reached skill level 7 in Axes
  5627 | D:7      | Reached skill level 5 in Shields
  5895 | D:8      | Reached ** piety under Okawaru
  5896 | D:8      | Reached XP level 9. HP: 26/55 MP: 11/11
  6496 | D:8      | Noticed a two-headed ogre
  6509 | D:8      | Slain by a two-headed ogre

Illustrated notes

Levels and vault maps discovered:
D:1:      wander_arrival_estate, layout_rooms
D:2:      layout_rooms, serial_co_window_serial, co_window_paths_a,
          co_window_paths_a, co_window_paths_a, co_window_paths_a,
          co_window_paths_b, co_window_of_opportunity_a,
          co_window_of_opportunity_a, co_window_corner_a, co_window_paths_b,
          co_window_corner_cb, co_window_broadway_c, co_window_unsneaky_path_c,
          glass_columns_a, glass_columns_b, glass_columns_a, glass_columns_c,
          glass_columns_a
D:3:      layout_basic, old_standard_altar, uniq_crazy_yiuf_cottage,
          uniq_sigmund
D:4:      layout_loops_ring, old_standard_altar,
          grunt_temple_overflow_cloverleaf, minmay_misc_feat_nine_boxes
D:5:      layout_rooms, general_overflow_altar, serial_shops, shop
D:6:      layout_rooms, mainiacjoe_overflow_alcove_1, dk_yredelemnul_ordeal,
          minmay_temple_entry_mist, gammafunk_ghost_stat_death, uniq_grinder
D:7:      layout_loops_ring, kennysheep_little_box
D:8:      layout_loops_ring
Temple:   nicolae_temple_ecumenical_triangle

Skill      XL: |  1  2  3  4  5  6  7  8 |
---------------+-------------------------+-----
Axes           | 2 4 6 7 |  7.2
Fighting       | 4 5 |  5.7
Armour         | 4 5 6 |  6.8
Shields        | 4 5 |  5.2
Invocations    | 3 |  3.2
Evocations     | |  0.4

Action                   |  1- 3 |  4- 6 |  7- 9 || total
-------------------------+-------+-------+-------++-------
Melee: War axe           |    91 |       |       ||    91
       Hand axe          |    24 |    61 |   208 ||   293
  Use: Potion            |     1 |       |       ||     1
       Scroll            |       |    12 |     5 ||    17
Armor: Scale mail        |    58 |       |       ||    58
       Chain mail        |       |    21 |   135 ||   156
Dodge: Dodged            |    54 |    13 |    36 ||   103
Block: Buckler           |    19 |     9 |     6 ||    34
       Tower shield      |       |       |   100 ||   100

Table legend: (Time is in decaauts)
 A = Elapsed time spent in this place.
 B = Non-inter-level travel time spent in this place.
 C = Inter-level travel time spent in this place.
 D = Time resting spent in this place.
 E = Time spent auto-exploring this place.
 F = Levels seen in this place.
 G = Mean time per level.
                   A        B        C        D        E       F      G
               +--------+--------+--------+--------+--------+-----+--------+
         Total |   6615 |   6386 |    229 |   1273 |   3952 |   9 |  735.0 |
       Dungeon |   6563 |   6334 |    229 |   1273 |   3931 |   8 |  820.4 |
        Temple |     51 |     51 |      0 |      0 |     21 |   1 |   51.0 |
               +--------+--------+--------+--------+--------+-----+--------+

Top non-repeatable levels by time:
     D:3: 996 daAuts
     D:4: 937 daAuts
     D:2: 895 daAuts
     D:5: 889 daAuts
     D:7: 769 daAuts
     D:6: 737 daAuts
     D:1: 673 daAuts
     D:8: 663 daAuts
  Temple: 51 daAuts
